TOP OF THE 1ST |
London Majors batting - Pitching for Chester Pirates : RHP Mike Wilkinson
|
Pitching: RHP Mike Wilkinson
|
|
Batting: RHB Jorge Cruz
|
0-0: Called Strike 0-1: Called Strike 0-2: Ball 1-2: Foul Ball, location: 2F 1-2: Fly out, F9 (Flyball, 89S, EV 93.8 MPH)
|
Batting: RHB Mike Chamberlain
|
0-0: Ball 1-0: Foul Ball, location: 2F 1-1: Foul Ball, location: 2F 1-2: SINGLE (Groundball, 4MD, EV 106.2 MPH)
|
Batting: RHB Dustin Bargman
|
0-0: Ball 1-0: Ball 2-0: Ball 3-0: Called Strike Pickoff Throw by Catcher to First - Error! E2 Mike Chamberlain to second 3-1: Foul Ball, location: 2F 3-2: Foul Ball, location: 2F 3-2: Foul Ball, location: 2F 3-2: Base on Balls
|
Batting: RHB John Rios
|
0-0: Called Strike 0-1: SINGLE (Groundball, 56D, EV 99.4 MPH) Mike Chamberlain to third Dustin Bargman to second Runner from 3rd tries for Home, throw by LF and OUT! 7-2
|
Batting: RHB Luis Vargas
|
0-0: Fly out, F8 (Flyball, 8LD, EV 99.4 MPH)
|
Top of the 1st over - 0 runs, 2 hits, 1 error, 2 left on base; London 0 - Chester 0 |
BOTTOM OF THE 1ST |
Chester Pirates batting - Pitching for London Majors : RHP Jon Thomason
|
Pitching: RHP Jon Thomason
|
|
Batting: LHB Chad Cutler
|
0-0: Ball 1-0: Ball 2-0: Swinging Strike 2-1: Foul Ball, location: 2F 2-2: Foul Ball, location: 2F 2-2: Foul Ball, location: 2F 2-2: Foul Ball, location: 2F 2-2: Foul Ball, location: 2F 2-2: Strikes out swinging
|
Batting: RHB Jon Solis
|
0-0: Called Strike 0-1: Ball 1-1: Ball 2-1: Foul Ball, location: 2F 2-2: Ball 3-2: Strikes out swinging
|
Batting: RHB Rusty Trader
|
0-0: Foul Ball, location: 2F 0-1: Ball 1-1: Called Strike 1-2: Ball 2-2: Strikes out looking
|
Bottom of the 1st over - 0 runs, 0 hits, 0 errors, 0 left on base; London 0 - Chester 0 |
TOP OF THE 2ND |
London Majors batting - Pitching for Chester Pirates : RHP Mike Wilkinson
|
Batting: RHB Jake Bronner
|
0-0: Foul Ball, location: 2F 0-1: Ball 1-1: Fly out, F4 (Popup, 4D, EV 66.9 MPH)
|
Batting: RHB Rudolph Lentz
|
0-0: Ball 1-0: Fly out, F8 (Flyball, 8RD, EV 100.6 MPH)
|
Batting: SHB Toby Patenaude
|
0-0: Fly out, F9 (Flyball, 9, EV 92.5 MPH)
|
Top of the 2nd over - 0 runs, 0 hits, 0 errors, 0 left on base; London 0 - Chester 0 |
BOTTOM OF THE 2ND |
Chester Pirates batting - Pitching for London Majors : RHP Jon Thomason
|
Batting: RHB Hector Barajas
|
0-0: Called Strike 0-1: Ball 1-1: SOLO HOME RUN (Flyball, 7D, EV 97.5 MPH), Distance : 398 ft
|
Batting: RHB Ricky Alvarado
|
0-0: Called Strike 0-1: Fly out, F7 (Flyball, 78M, EV 81.2 MPH)
|
Batting: LHB Kazuyoshi Ikeda
|
0-0: Ball 1-0: Called Strike 1-1: Ball 2-1: Ball 3-1: Foul Ball, location: 2F 3-2: Foul Ball, location: 2F 3-2: Base on Balls
|
Batting: RHB Rafael Galicia
|
0-0: Ball 1-0: Called Strike 1-1: Foul Ball, location: 2F 1-2: Ball 2-2: Ball 3-2: Strikes out swinging
|
Batting: LHB Damien Cohen
|
0-0: Called Strike 0-1: Ball 1-1: Called Strike 1-2: Strikes out swinging
|
Bottom of the 2nd over - 1 run, 1 hit, 0 errors, 1 left on base; London 0 - Chester 1 |
TOP OF THE 3RD |
London Majors batting - Pitching for Chester Pirates : RHP Mike Wilkinson
|
Batting: RHB Terry Plumley
|
0-0: Ball 1-0: Called Strike 1-1: Called Strike 1-2: Foul Ball, location: 2F 1-2: Ball 2-2: Reached on error, E7 (Flyball, 7D, EV 101.2 MPH)
|
Batting: RHB Jorge Cruz
|
0-0: 2-RUN HOME RUN (Flyball, 78XD, EV 106.2 MPH), Distance : 424 ft
|
Batting: RHB Mike Chamberlain
|
0-0: Ball 1-0: Fly out, F4 (Popup, 4MS, EV 75.6 MPH)
|
Batting: RHB Dustin Bargman
|
0-0: SINGLE (Groundball, 2L, EV 65.0 MPH) (infield hit)
|
Pinch Runner at 1st Bobby Roldan:
|
|
Batting: RHB John Rios
|
0-0: Ball Bobby Roldan is caught stealing 2nd base 2-4 1-0: Called Strike 1-1: Foul Ball, location: 2F 1-2: Ball 2-2: Foul Ball, location: 2F 2-2: Ball 3-2: Foul Ball, location: 2F 3-2: Base on Balls
|
Batting: RHB Luis Vargas
|
0-0: Called Strike 0-1: Called Strike 0-2: Ball 1-2: Strikes out swinging
|
Top of the 3rd over - 2 runs, 2 hits, 1 error, 1 left on base; London 2 - Chester 1 |
BOTTOM OF THE 3RD |
Chester Pirates batting - Pitching for London Majors : RHP Jon Thomason
|
Now at 2B: Bobby Roldan
|
|
Batting: RHB Dan Kurtz
|
0-0: Ball 1-0: Ground out 4-3 (Groundball, 4M, EV 109.4 MPH)
|
Batting: LHB Chad Cutler
|
0-0: Ball 1-0: Ball 2-0: Foul Ball, location: 2F 2-1: SOLO HOME RUN (Flyball, 89XD, EV 110.6 MPH), Distance : 434 ft
|
Batting: RHB Jon Solis
|
0-0: Swinging Strike 0-1: Ball 1-1: Ball 2-1: Foul Ball, location: 2F 2-2: Ball 3-2: Ground out 5-3 (Groundball, 56, EV 81.9 MPH)
|
Pitching: RHP Jason Hanson
|
|
Batting: RHB Rusty Trader
|
0-0: Called Strike 0-1: Foul Ball, location: 2F 0-2: Strikes out looking
|
Bottom of the 3rd over - 1 run, 1 hit, 0 errors, 0 left on base; London 2 - Chester 2 |
TOP OF THE 4TH |
London Majors batting - Pitching for Chester Pirates : RHP Mike Wilkinson
|
Batting: RHB Jake Bronner
|
0-0: SINGLE (Line Drive, 89S, EV 89.4 MPH)
|
Batting: RHB Rudolph Lentz
|
0-0: Called Strike Jake Bronner steals 2nd base 0-1: Ball 1-1: Ball 2-1: Fly out, F7 (Flyball, 7, EV 82.5 MPH)
|
Pitching: LHP Angel Juarez
|
|
Batting: SHB Toby Patenaude
|
0-0: Ball 1-0: Swinging Strike 1-1: Called Strike 1-2: Strikes out swinging
|
Batting: RHB Terry Plumley
|
0-0: Ball 1-0: Called Strike 1-1: Ground out 4-3 (Groundball, 4, EV 103.8 MPH)
|
Top of the 4th over - 0 runs, 1 hit, 0 errors, 1 left on base; London 2 - Chester 2 |
BOTTOM OF THE 4TH |
Chester Pirates batting - Pitching for London Majors : RHP Jason Hanson
|
Batting: RHB Hector Barajas
|
0-0: Called Strike 0-1: Foul Ball, location: 2F 0-2: Ball 1-2: Foul Ball, location: 2F 1-2: Strikes out swinging
|
Batting: RHB Ricky Alvarado
|
0-0: Ground out 5-3 (Groundball, 56, EV 97.5 MPH)
|
Batting: LHB Kazuyoshi Ikeda
|
0-0: Ball 1-0: Ball 2-0: Hit by Pitch
|
Batting: RHB Rafael Galicia
|
0-0: Swinging Strike 0-1: Ball 1-1: Foul Ball, location: 2F 1-2: Foul Ball, location: 2F 1-2: Strikes out swinging
|
Bottom of the 4th over - 0 runs, 0 hits, 0 errors, 1 left on base; London 2 - Chester 2 |
TOP OF THE 5TH |
London Majors batting - Pitching for Chester Pirates : LHP Angel Juarez
|
Batting: RHB Jorge Cruz
|
0-0: Ball 1-0: Fly out, F9 (Flyball, 9, EV 98.1 MPH)
|
Batting: RHB Mike Chamberlain
|
0-0: Called Strike 0-1: Ball 1-1: Ball 2-1: Ground out 4-3 (Groundball, 4, EV 75.6 MPH)
|
Batting: RHB Bobby Roldan
|
0-0: Ball 1-0: Foul Ball, location: 2F 1-1: Foul Ball, location: 2F 1-2: Ground out 6-3 (Groundball, 6M, EV 91.2 MPH)
|
Top of the 5th over - 0 runs, 0 hits, 0 errors, 0 left on base; London 2 - Chester 2 |
BOTTOM OF THE 5TH |
Chester Pirates batting - Pitching for London Majors : RHP Jason Hanson
|
Batting: LHB Damien Cohen
|
0-0: Called Strike 0-1: Foul Ball, location: 2F 0-2: Foul Ball, location: 2F 0-2: Foul Ball, location: 2F 0-2: Foul Ball, location: 2F 0-2: Strikes out looking
|
Batting: RHB Dan Kurtz
|
0-0: Called Strike 0-1: Foul Ball, location: 2F 0-2: Ball 1-2: Strikes out swinging
|
Batting: LHB Chad Cutler
|
0-0: Foul Ball, location: 2F 0-1: Called Strike 0-2: Ball 1-2: Ball 2-2: Ball 3-2: Strikes out swinging
|
Bottom of the 5th over - 0 runs, 0 hits, 0 errors, 0 left on base; London 2 - Chester 2 |
TOP OF THE 6TH |
London Majors batting - Pitching for Chester Pirates : LHP Angel Juarez
|
Batting: RHB John Rios
|
0-0: Called Strike 0-1: Ball 1-1: Ball 2-1: Ball 3-1: Base on Balls
|
Batting: RHB Luis Vargas
|
0-0: SINGLE (Groundball, 6D, EV 102.5 MPH) John Rios to second
|
Batting: RHB Jake Bronner
|
0-0: Fly out, F6 (Popup, 6MD, EV 60.0 MPH)
|
Pinch Hitting: RHB Ed Swafford
|
0-0: Called Strike 0-1: Reached on error, E5 (Groundball, 6S, EV 83.8 MPH) John Rios to third Luis Vargas to second
|
Batting: SHB Toby Patenaude
|
0-0: Ball 1-0: Ball 2-0: Called Strike 2-1: Ball 3-1: Foul Ball, location: 2F 3-2: Grounds into fielders choice 6-2 (Groundball, 4MS, EV 81.2 MPH) Luis Vargas to third Ed Swafford to second
|
Batting: RHB Terry Plumley
|
0-0: Ball 1-0: Foul Ball, location: 2F 1-1: Swinging Strike 1-2: Ball 2-2: Ball 3-2: Foul Ball, location: 2F 3-2: GRAND SLAM HOME RUN (Flyball, 7LD, EV 96.9 MPH), Distance : 354 ft
|
Pitching: LHP Juan Hernandez
|
|
Batting: RHB Jorge Cruz
|
0-0: Ball 1-0: Ball 2-0: Ball 3-0: Called Strike 3-1: Swinging Strike 3-2: Strikes out swinging
|
Top of the 6th over - 4 runs, 2 hits, 1 error, 0 left on base; London 6 - Chester 2 |
BOTTOM OF THE 6TH |
Chester Pirates batting - Pitching for London Majors : RHP Jason Hanson
|
Now at 1B: Terry Plumley
|
|
Now at 3B: Pete Duncan
|
|
Now in RF: Mike Chamberlain
|
|
Batting: RHB Jon Solis
|
0-0: Ball 1-0: Ball 2-0: Called Strike 2-1: Called Strike 2-2: Foul Ball, location: 2F 2-2: Fly out, F8 (Flyball, 8LXD, EV 82.5 MPH)
|
Batting: RHB Rusty Trader
|
0-0: Called Strike 0-1: Ball 1-1: Ball 2-1: Called Strike 2-2: Ground out 4-3 (Groundball, 4, EV 87.5 MPH)
|
Batting: RHB Hector Barajas
|
0-0: Ball 1-0: Foul Ball, location: 2F 1-1: Ground out 6-3 (Groundball, 6, EV 80.6 MPH)
|
Bottom of the 6th over - 0 runs, 0 hits, 0 errors, 0 left on base; London 6 - Chester 2 |
TOP OF THE 7TH |
London Majors batting - Pitching for Chester Pirates : LHP Juan Hernandez
|
Batting: RHB Mike Chamberlain
|
0-0: TRIPLE (Line Drive, 78XD, EV 104.4 MPH)
|
Batting: RHB Bobby Roldan
|
0-0: Called Strike 0-1: Fly out, F4 (Popup, 4, EV 61.2 MPH)
|
Batting: RHB John Rios
|
0-0: Reached on error, E5 (Groundball, 56, EV 110.0 MPH) Mike Chamberlain scores
|
Batting: RHB Luis Vargas
|
0-0: Hit by Pitch John Rios to second
|
Batting: RHB Jake Bronner
|
0-0: Called Strike 0-1: SINGLE (Line Drive, 4MD, EV 96.9 MPH) John Rios to third Luis Vargas to second
|
Batting: RHB Pete Duncan
|
0-0: Ball 1-0: Called Strike 1-1: Ball 2-1: Ball 3-1: Base on Balls John Rios scores Luis Vargas to third Jake Bronner to second
|
Batting: SHB Toby Patenaude
|
0-0: Called Strike 0-1: Swinging Strike 0-2: Ball 1-2: Strikes out swinging
|
Batting: RHB Terry Plumley
|
0-0: Swinging Strike 0-1: Called Strike 0-2: Ball 1-2: Ball 2-2: Strikes out looking
|
Top of the 7th over - 2 runs, 2 hits, 1 error, 3 left on base; London 8 - Chester 2 |
BOTTOM OF THE 7TH |
Chester Pirates batting - Pitching for London Majors : RHP Jason Hanson
|
Now in LF: Manny Elizondo
|
|
Batting: RHB Ricky Alvarado
|
0-0: Ball 1-0: Ball 2-0: Ball 3-0: Base on Balls
|
Batting: LHB Kazuyoshi Ikeda
|
0-0: Ball 1-0: Ball 2-0: Ball 3-0: Called Strike 3-1: Called Strike 3-2: Base on Balls Ricky Alvarado to second
|
Pitching: RHP Mitsuaki Okazaki
|
|
Batting: RHB Rafael Galicia
|
0-0: Ball 1-0: Called Strike 1-1: Ball 2-1: Swinging Strike 2-2: Foul Ball, location: 2F 2-2: Ball 3-2: Foul Ball, location: 2F 3-2: Foul Ball, location: 2F 3-2: Strikes out swinging
|
Batting: LHB Damien Cohen
|
0-0: Called Strike 0-1: Ball 1-1: 3-RUN HOME RUN (Flyball, 9LD, EV 97.5 MPH), Distance : 341 ft
|
Batting: RHB Dan Kurtz
|
0-0: Ball 1-0: Called Strike 1-1: Called Strike 1-2: Strikes out swinging
|
Batting: LHB Chad Cutler
|
0-0: Fly out, F8 (Flyball, 8LD, EV 101.9 MPH)
|
Bottom of the 7th over - 3 runs, 1 hit, 0 errors, 0 left on base; London 8 - Chester 5 |
TOP OF THE 8TH |
London Majors batting - Pitching for Chester Pirates : LHP Juan Hernandez
|
Pitching: RHP Ray Maki
|
|
Batting: RHB Jorge Cruz
|
0-0: Foul Ball, location: 2F 0-1: Ball 1-1: Ball 2-1: Foul Ball, location: 2F 2-2: Ground out 5-3 (Groundball, 56, EV 105.6 MPH)
|
Batting: RHB Mike Chamberlain
|
0-0: Ball 1-0: Ball 2-0: Called Strike 2-1: Ball 3-1: Base on Balls
|
Batting: RHB Bobby Roldan
|
0-0: DOUBLE (Line Drive, 89D, EV 109.4 MPH) Mike Chamberlain to third
|
Batting: RHB John Rios
|
0-0: Intentional Walk
|
Batting: SHB Kevin Watson
|
0-0: Ball 1-0: Hit by Pitch Mike Chamberlain scores Bobby Roldan to third John Rios to second
|
Batting: RHB Jake Bronner
|
0-0: Foul Ball, location: 2F 0-1: Called Strike 0-2: Ball 1-2: Ball 2-2: GRAND SLAM HOME RUN (Flyball, 7LD, EV 96.9 MPH), Distance : 365 ft
|
Pitching: RHP Tomas Cavazos
|
|
Batting: RHB Pete Duncan
|
0-0: Called Strike 0-1: Fly out, F9 (Flyball, 9, EV 83.8 MPH)
|
Batting: RHB Manny Elizondo
|
0-0: Called Strike 0-1: Fly out, F9 (Flyball, 9LD, EV 108.1 MPH)
|
Top of the 8th over - 5 runs, 2 hits, 0 errors, 0 left on base; London 13 - Chester 5 |
BOTTOM OF THE 8TH |
Chester Pirates batting - Pitching for London Majors : RHP Mitsuaki Okazaki
|
Batting: RHB Jon Solis
|
0-0: Foul Ball, location: 2F 0-1: Foul Ball, location: 2F 0-2: Strikes out swinging
|
Batting: RHB Rusty Trader
|
0-0: Called Strike 0-1: DOUBLE (Line Drive, 3D, EV 98.1 MPH)
|
Batting: RHB Hector Barajas
|
0-0: Ball 1-0: Called Strike 1-1: Foul Ball, location: 2F 1-2: Strikes out swinging
|
Batting: RHB Ricky Alvarado
|
0-0: Called Strike 0-1: Foul Ball, location: 2F 0-2: SINGLE (Line Drive, 8RS, EV 95.0 MPH) Rusty Trader to third
|
Batting: LHB Kazuyoshi Ikeda
|
0-0: Foul Ball, location: 2F 0-1: Foul Ball, location: 2F 0-2: Strikes out looking
|
Bottom of the 8th over - 0 runs, 2 hits, 0 errors, 2 left on base; London 13 - Chester 5 |
TOP OF THE 9TH |
London Majors batting - Pitching for Chester Pirates : RHP Tomas Cavazos
|
Pitching: RHP Pete Griesser
|
|
Batting: RHB Terry Plumley
|
0-0: Ball 1-0: Ground out 5-3 (Groundball, 5S, EV 90.0 MPH)
|
Batting: RHB Jorge Cruz
|
0-0: SOLO HOME RUN (Flyball, 78XD, EV 109.4 MPH), Distance : 429 ft
|
Batting: RHB Mike Chamberlain
|
0-0: Called Strike 0-1: Swinging Strike 0-2: Ball 1-2: Foul Ball, location: 2F 1-2: Ball 2-2: Strikes out looking
|
Batting: RHB Bobby Roldan
|
0-0: Ball 1-0: Called Strike 1-1: Swinging Strike 1-2: Strikes out looking
|
Top of the 9th over - 1 run, 1 hit, 0 errors, 0 left on base; London 14 - Chester 5 |
BOTTOM OF THE 9TH |
Chester Pirates batting - Pitching for London Majors : RHP Mitsuaki Okazaki
|
Batting: RHB Rafael Galicia
|
0-0: Fly out, F7 (Flyball, 7, EV 92.5 MPH)
|
Batting: LHB Damien Cohen
|
0-0: Ball 1-0: Called Strike 1-1: Called Strike 1-2: Strikes out swinging
|
Batting: RHB Dan Kurtz
|
0-0: Called Strike 0-1: Called Strike 0-2: Strikes out swinging
|
Bottom of the 9th over - 0 runs, 0 hits, 0 errors, 0 left on base; London 14 - Chester 5 |
|